 Dungeon Crawl Stone Soup version 0.21-a0-176-gb3d4b37 (webtiles) character file.

5 Goblin1989 the Insei (level 1, -1/15 HPs)
             Began as a Gnoll Transmuter on Aug 9, 2017.
             Slain by a frilled lizard (3 damage)
             ... on level 1 of the Dungeon.
             The game lasted 00:00:58 (148 turns).

Goblin1989 the Insei (Gnoll Transmuter)              Turns: 148, Time: 00:00:58

Health: -1/15      AC:  2    Str:  7    XL:     1   Next: 80%
Magic:  3/4        EV: 12    Int:  7    God:
Gold:   0          SH:  0    Dex:  7    Spells: 5/6 levels left

rFire    . . .     SeeInvis .     - Unarmed
rCold    . . .     Gourm    .   (no shield)
rNeg     . . .     Faith    .   b - +0 robe
rPois    .         Spirit   .   (no helmet)
rElec    .         Reflect  .   (no cloak)
rCorr    .         Harm     .   (no gloves)
MR       .....                  (boots currently unavailable)
Stlth    +.........             (no amulet)
HPRegen  0.05/turn              (no ring)
MPRegen  0.09/turn              (no ring)

@: appendage
A: unchanging attributes, fangs 1, talons 3, strong nose
a: End Transformation


You were on level 1 of the Dungeon.
You were not hungry.
You had grown temporary talons.
You visited 1 branch of the dungeon, and saw 1 of its levels.

Inventory:

Missiles
 a - 12 arrows
Armour
 b - a +0 robe (worn)
Scrolls
 g - a scroll of recharging {unknown}
Potions
 h - a potion of berserk rage {unknown}
Books
 c - a book of Changes

   Spells                             Type                      Level
   a - Beastly Appendage              Transmutation                1
   b - Sticks to Snakes               Transmutation                2
   c - Spider Form                    Transmutation/Poison         3
   d - Ice Form                       Ice/Transmutation            4
   e - Blade Hands                    Transmutation                5
Comestibles
 e - a bread ration {@e1}
 f - 2 chunks of flesh


   Skills:
 - Level 1.3 Fighting
 - Level 2.6 Dodging
 + Level 4.5 Unarmed Combat
 - Level 3.0 Spellcasting
 - Level 2.6 Transmutations


You had 5 spell levels left.
You knew the following spells:

 Your Spells              Type           Power        Failure   Level  Hunger
a - Beastly Appendage     Tmut           #.....       12%         1    ##.....


Dungeon Overview and Level Annotations

Branches:
Dungeon (1/15)

Altars:


Innate Abilities, Weirdness & Mutations

Your physical attributes are unchanging.
You have very sharp teeth.
Your uncanny sense of smell can sniff out nearby items.
You have claws for feet.


Message History

There are monsters nearby!
There are monsters nearby!
A frilled lizard comes into view.
The frilled lizard hisses angrily.
A kobold comes into view.
The frilled lizard hisses angrily.
Things that are here:
a short sword; a kobold corpse A frilled lizard is nearby!
A frilled lizard is nearby!
A frilled lizard is nearby!
You barely miss the frilled lizard. Your punch misses the frilled lizard.
Your bite misses the frilled lizard. The frilled lizard closely misses you.
You completely miss the frilled lizard. The frilled lizard bites you.
You take 1 damage, and have 14/15 hp.
You hit the frilled lizard.
You kill the frilled lizard!
You closely miss the kobold. The kobold hits you but does no damage.
You hit the kobold but do no damage. Your bite misses the kobold.
The kobold hits you.
You take 2 damage, and have 12/15 hp.
You barely miss the kobold. The kobold hits you.
You take 2 damage, and have 10/15 hp.
You completely miss the kobold. The kobold hits you.
You take 3 damage, and have 7/15 hp.
You are too injured to fight recklessly!
You are too injured to fight recklessly!
You are too injured to fight recklessly!
You are too injured to fight recklessly!
You are too injured to fight recklessly!
You are too injured to fight recklessly!
You are too injured to fight recklessly!
You are too injured to fight recklessly!
You are too injured to fight recklessly!
You are too injured to fight recklessly!
You are too injured to fight recklessly!
You are too injured to fight recklessly!
You are too injured to fight recklessly!
You are too injured to fight recklessly!
You are too injured to fight recklessly!
You are too injured to fight recklessly!
You are too injured to fight recklessly!
You are too injured to fight recklessly!
You are too injured to fight recklessly!
You are too injured to fight recklessly!
You are too injured to fight recklessly!
You are too injured to fight recklessly!
You are too injured to fight recklessly!
You are too injured to fight recklessly!
Casting: Beastly Appendage
Confirm with . or Enter, or press ? or * to list all spells.
Your feet morph into talons.
The kobold hits you but does no damage.
A frilled lizard comes into view.
You now have 3/4 mp.
You closely miss the kobold.
The frilled lizard hisses angrily.
Your kick misses the kobold.
The frilled lizard moves out of view.
The frilled lizard unfolds its giant frill.
The kobold barely misses you.
You barely miss the kobold. Your bite misses the kobold.
You barely miss the kobold.
Your transformation is almost over.
The kobold barely misses you.
You miss the kobold. The kobold misses you.
You hit the kobold.
The kobold is severely wounded.
The kobold hits you.
* * * LOW HITPOINT WARNING * * *
You take 2 damage, and have 5/15 hp.
You hit the kobold.
You kill the kobold!
You closely miss the frilled lizard. Your bite misses the frilled lizard.
The frilled lizard bites you.
* * * LOW HITPOINT WARNING * * *
You take 1 damage, and have 4/15 hp.
You barely miss the frilled lizard. The frilled lizard bites you.
* * * LOW HITPOINT WARNING * * *
You take 1 damage, and have 3/15 hp.
You barely miss the frilled lizard. Your kick misses the frilled lizard.
The frilled lizard bites you but does no damage.
You closely miss the frilled lizard. The frilled lizard bites you.
* * * LOW HITPOINT WARNING * * *
You take 2 damage, and have 1/15 hp.
Your talons disappear.
The frilled lizard hisses.
MP restored: 4 You barely miss the frilled lizard.
The frilled lizard barely misses you.
Casting: Beastly Appendage
Confirm with . or Enter, or press ? or * to list all spells.
Your feet morph into talons.
The frilled lizard hisses.
The frilled lizard misses you.
You now have 3/4 mp.
You hit the frilled lizard.
You kill the frilled lizard!
You closely miss the frilled lizard. The frilled lizard closely misses you.
You closely miss the frilled lizard. The frilled lizard closely misses you.
You closely miss the frilled lizard. Your kick misses the frilled lizard.
Your bite misses the frilled lizard. The frilled lizard bites you.
You die... ███ █.█ █.████████ █..@ll...█ █.██████.█ ██████∆███ █.█ ██........█ █l█ █.........█ █l████████

█.........█ █......l.█
█.........█ █....lK..███.
......█∆███ █......l.....
█.█████∆██████............


You could see 2 frilled lizards.

Vanquished Creatures
  2 kobolds (D:1)
  2 frilled lizards (D:1)
  2 rats (D:1)
6 creatures vanquished.

Notes
Turn   | Place    | Note
-------+----------+-------------------------------------------
     0 | D:1      | Goblin1989 the Gnoll Transmuter began the quest for the Orb.
     0 | D:1      | Reached XP level 1. HP: 15/15 MP: 4/4
   148 | D:1      | Slain by a frilled lizard

Vault maps used:
D:1:      erik_arrival_orb_chamber, minmay_lizard_pond

Action                   || total
-------------------------++-------
Melee: Unarmed           ||    28
       Punch             ||     1
 Cast: Beastly Appendage ||     2
Armor: Robe              ||     3
Dodge: Dodged            ||    12

Vault maps used:
D:1:      erik_arrival_orb_chamber, minmay_lizard_pond
